 Dungeon Crawl Stone Soup version 0.27-a0-819-g058290f16d (webtiles) character file.

Game seed: 17766332805075651495

25 polve the Slasher (level 2, -4/24 HPs)
             Began as a Demonspawn Abyssal Knight on Mar 29, 2021.
             Was a Follower of Lugonu.
             Slain by a gnoll
             ... wielding a +2 flail of protection
              (5 damage)
             ... on level 1 of the Dungeon.
             The game lasted 00:00:23 (509 turns).

polve the Slasher (Demonspawn Abyssal Knight)        Turns: 509, Time: 00:00:24

Health: -4/24      AC:  3    Str: 12    XL:     2   Next: 82%
Magic:  3/3        EV: 11    Int: 13    God:    Lugonu [*.....]
Gold:   5          SH:  0    Dex: 12    Spells: 1/1 levels left

rFire    . . .     SeeInvis .   a - +1 falchion
rCold    . . .     Faith    .   (no shield)
rNeg     . . .     Spirit   .   b - +0 leather armour
rPois    .         Reflect  .   (no helmet)
rElec    .         Harm     .   (no cloak)
rCorr    .         Rampage  .   (no gloves)
Will     .....                  (no boots)
Stlth    +.........             (no amulet)
HPRegen  0.08/turn              (no ring)
MPRegen  0.08/turn              (no ring)

@: no status effects
A: hooves 1
a: Renounce Religion, Depart the Abyss


You were on level 1 of the Dungeon.
You worshipped Lugonu.
Lugonu was aware of your devotion.
You visited 1 branch of the dungeon, and saw 1 of its levels.
You visited the Abyss 1 time.

You collected 5 gold pieces.

Inventory:

Hand Weapons
 a - a +1 falchion (weapon)
Armour
 b - a +0 leather armour (worn)
Scrolls
 c - a scroll of enchant weapon {unknown}
 e - a scroll of teleportation {unknown}
Potions
 d - a potion of curing {unknown}


   Skills:
 - Level 3.0 Fighting
 + Level 3.1 Long Blades
 - Level 1.7 Armour
 - Level 0.8 Dodging
 - Level 2.4 Invocations


You had one spell level left.
You didn't know any spells.
Your spell library was empty.

Dungeon Overview and Level Annotations

Branches:
Dungeon (1/15)

Altars:


Innate Abilities, Weirdness & Mutations

You have large cloven feet.


Message History

No target in view!
No target in view!
No target in view!
Found a stone staircase leading down.
A gnoll comes into view.
It is wielding a +2 flail of protection.
The gnoll shouts!
The gnoll moves out of view.
A gnoll is nearby!
A gnoll is nearby!
You completely miss the gnoll. Your kick misses the gnoll.
The gnoll misses you.
You hit the gnoll but do no damage. The gnoll closely misses you.
You riposte.
You barely miss the gnoll. You hit the gnoll. Your kick misses the gnoll.
The gnoll is lightly wounded.
The gnoll hits you with a +2 flail of protection! x2
Ouch! That really hurt!
* * * LOW HITPOINT WARNING * * *
You are too injured to fight recklessly!
You are too injured to fight recklessly!
You are too injured to fight recklessly!
You are too injured to fight recklessly!
You are too injured to fight recklessly!
You are too injured to fight recklessly!
You are too injured to fight recklessly!
You are too injured to fight recklessly!
You are too injured to fight recklessly!
You are too injured to fight recklessly!
You are too injured to fight recklessly!
You are too injured to fight recklessly!
You are too injured to fight recklessly!
You are too injured to fight recklessly!
You are too injured to fight recklessly!
You hit the gnoll but do no damage.
The gnoll is lightly wounded.
The gnoll barely misses you.
You barely miss the gnoll. Your kick misses the gnoll.
The gnoll is lightly wounded.
The gnoll hits you with a +2 flail of protection.
You die...

...............#
...
#.####..##.#.......
.#.
.............8.8...
..####..##.#..⌠....
#..##.........
#..###.##.....
.#.####..###.#
#####
.............#
#.####@.###.#
......g........
..........##.##
..........#
.........##
...####..# .#. ##.
#..# ... # #..# .#.
..


You could see a gnoll.

Vanquished Creatures
  A gnoll (D:1)
  A ball python (D:1)
  An endoplasm (D:1)
  2 giant cockroaches (D:1)
  3 goblins (D:1)
  2 jackals (D:1)
  A kobold (D:1)
  2 frilled lizards (D:1)
13 creatures vanquished.

Vanquished Creatures (others)
  2 starspawn tentacles (Abyss:1)
2 creatures vanquished.

Grand Total: 15 creatures vanquished

Notes
Turn   | Place    | Note
-------+----------+-------------------------------------------
     0 | Abyss:1  | polve the Demonspawn Abyssal Knight began the quest for the
                  | Orb.
     0 | Abyss:1  | Reached XP level 1. HP: 18/18 MP: 2/2
    67 | Abyss:1  | Found a corrupted altar of Lugonu.
   111 | Abyss:1  | Noticed a tentacled starspawn
   112 | Abyss:1  | Noticed a raiju
   115 | D:1      | Escaped the Abyss
   315 | D:1      | Gained mutation: You have large cloven feet. [demonic
                  | ancestry]
   315 | D:1      | Reached XP level 2. HP: 22/24 MP: 3/3
   491 | D:1      | Reached * piety under Lugonu
   507 | D:1      | HP: 1/24 [gnoll/+2 flail of protection (13)]
   509 | D:1      | Slain by a gnoll

Illustrated notes

Levels and vault maps discovered:
D:1:      sevenhm_arrival_forest_fort_small_3, layout_basic,
          minmay_misc_feat_alley, hangedman_feature_mirror,
          minmay_tree_intersection

Skill      XL: |  1  2 |
---------------+-------+-----
Long Blades    | 2 3 |  3.1
Fighting       | |  3.0
Armour         | |  1.7
Dodging        | |  0.8
Invocations    | |  2.4

Action                   || total
-------------------------++-------
Melee: Falchion          ||    29
       Kick              ||     3
Invok: Depart the Abyss  ||     1
Armor: Leather armour    ||    15
Dodge: Dodged            ||    30
       Rpst.: Falchion   ||    12

Table legend: (Time is in decaauts)
 A = Elapsed time spent in this place.
 B = Non-inter-level travel time spent in this place.
 C = Inter-level travel time spent in this place.
 D = Time resting spent in this place.
 E = Time spent auto-exploring this place.
 F = Levels seen in this place.
 G = Mean time per level.
                   A        B        C        D        E       F      G
               +--------+--------+--------+--------+--------+-----+--------+
         Total |    514 |    514 |      0 |      0 |    403 |   2 |  257.0 |
       Dungeon |    398 |    398 |      0 |      0 |    293 |   1 |  398.0 |
         Abyss |    115 |    115 |      0 |      0 |    110 |   1 |  115.0 |
               +--------+--------+--------+--------+--------+-----+--------+

Top non-repeatable levels by time:
     D:1: 398 daAuts
 Abyss:1: 115 daAuts
